 Dungeon Crawl Stone Soup version 0.30-a0-782-ge64f9170bb (webtiles) character file.

Game seed: 2350179004627166048

113 hikkokomori the Digger (level 4, -1/24 HPs)
             Began as a Gargoyle Earth Elementalist on Feb 18, 2023.
             Killed by divine providence
             ... invoked by an orc priest
              (9 damage)
             ... on level 3 of the Dungeon.
             The game lasted 00:02:41 (1891 turns).

hikkokomori the Digger (GrEE)                       Turns: 1891, Time: 00:02:42

Health: -1/24      AC:  6    Str: 12    XL:     4   Next: 96%
Magic:  7/8        EV: 11    Int: 17    God:
Gold:   126        SH:  0    Dex: 10    Spells: 5/9 levels left

rFire   . . .      SeeInvis .    (no weapon)
rCold   . . .      Faith    .    (no shield)
rNeg    + . .      Spirit   .    a - +0 robe
rPois   ∞          Reflect  .    (no helmet)
rElec   +          Harm     .    k - +0 cloak
rCorr   .          Rampage  .    (no gloves)
Will    .....                    (no boots)
Stlth   ++                       (no amulet)
HPRegen 0.24/turn                (no ring)
MPRegen 0.11/turn                (no ring)

@: no status effects
A: sickness immunity, AC +3, negative energy resistance 1, electricity
resistance, torment resistance 1, petrification resistance
a: no special abilities


You were on level 3 of the Dungeon.
You visited 1 branch of the dungeon, and saw 3 of its levels.

You collected 126 gold pieces.

Inventory:

Armour
 a - a +0 robe (worn)
 k - a +0 cloak (worn)
Magical Staves
 e - a staff of cold
Scrolls
 c - a scroll of vulnerability {unknown}
 d - a scroll of enchant weapon {unknown}
 f - a scroll of teleportation {unknown}
 i - 2 scrolls of noise {unknown}
 l - a scroll of torment
 m - a scroll of enchant armour {unknown}
 n - a scroll of blinking {unknown}
Potions
 g - a potion of heal wounds {unknown}
 h - a potion of invisibility
 j - a potion of might
 o - a potion of attraction {unknown}


   Skills:
 - Level 1.5 Dodging
 + Level 3.8 Stealth
 + Level 3.1 Spellcasting
 - Level 0.7 Transmutations
 + Level 4.7 Earth Magic


You had 5 spell levels left.
You knew the following spells:

 Your Spells              Type           Power      Damage    Failure   Level
a - Sandblast             Erth           36%        2d10      2%          1
b - Stone Arrow           Conj/Erth      20%        3d8       19%         3

Your spell library contained the following spells:

 Spells                   Type           Power      Damage    Failure   Level
 Passwall                 Tmut/Erth      10%        N/A       9%          2
 Petrify                  Tmut/Erth      12%        N/A       50%         4


Dungeon Overview and Level Annotations

Branches:
Dungeon (3/15)

Altars:

Shops:
D:1 (


Innate Abilities, Weirdness & Mutations

You are immune to sickness and miasma.
Your stone body is resilient. (AC +3)
You are immune to poison.
You resist negative energy. (rN+)
You are resistant to electric shocks. (rElec)
You are resistant to unholy torment.
You are immune to petrification.


Message History

The orc is almost dead.
The orc hits you with a +0 club. x2
Casting: Sandblast (safe; 2% risk of failure)
Confirm with . or Enter, or press ? or * to list all spells.
Aiming: Sandblast (safe; 2% risk of failure)
Press: ? - help, Shift-Dir - straight line, f/p - orc
Aim: an orc, wielding a +0 club (almost dead, 82% to hit)
The blast of sand hits the orc!!
You kill the orc!
The orc priest looks braver for a moment.
Casting: Sandblast (safe; 2% risk of failure)
Confirm with . or Enter, or press ? or * to list all spells.
Aiming: Sandblast (safe; 2% risk of failure)
Press: ? - help, Shift-Dir - straight line, f - orc
Aim: an orc, wielding a +0 club (82% to hit)
The blast of sand hits the orc!!
You kill the orc!
The orc priest invokes the aid of Beogh against you.
You barely resist.
Really attack while wielding nothing?
Okay, then.
Magic courses through your body. The orc priest barely misses you.
Casting: Sandblast (safe; 2% risk of failure)
Confirm with . or Enter, or press ? or * to list all spells.
Aiming: Sandblast (safe; 2% risk of failure)
Press: ? - help, Shift-Dir - straight line, f - orc priest
Aim: an orc priest, wielding a +0 hand axe (82% to hit)
The blast of sand misses the orc priest.
The orc priest hits you with a +0 hand axe.
* * * LOW HITPOINT WARNING * * *
Casting: Sandblast (safe; 2% risk of failure)
Confirm with . or Enter, or press ? or * to list all spells.
Aiming: Sandblast (safe; 2% risk of failure)
Press: ? - help, Shift-Dir - straight line, f/p - orc priest
Aim: an orc priest, wielding a +0 hand axe (82% to hit)
The blast of sand hits the orc priest!
The orc priest is almost dead.
The orc priest calls down the wrath of Beogh upon you.
Beogh smites you!
You die...

##.#######.##
#...........#
#.###.####..#
#.# #.# #.#
#.# #.# #.#
### #.#
#.#... #.#
#.#.# #@#
#... #o###.#
#...).#
#####o# .).
.#.# ..... ..
... ##. ###


You could see an orc priest.

Vanquished Creatures
  Jessica (D:3)
  An orc wizard (D:3)
  An adder (D:3)
  A worm (D:2)
  A dart slug (D:2)
  3 orcs (D:3)
  4 bats
  7 endoplasms
  A giant cockroach (D:2)
  5 goblins
  3 hobgoblins
  3 kobolds
  3 quokkas
  4 ball pythons
  A frilled lizard (D:1)
  A rat (D:1)
40 creatures vanquished.

Notes
Turn   | Place    | Note
-------+----------+-------------------------------------------
     0 | D:1      | hikkokomori the Gargoyle Earth Elementalist began the quest
                  | for the Orb.
     0 | D:1      | Reached XP level 1. HP: 10/10 MP: 3/3
   204 | D:1      | Reached XP level 2. HP: 15/15 MP: 1/5
   343 | D:1      | Reached skill level 4 in Earth Magic
   359 | D:1      | Found a faded altar of an unknown god.
   360 | D:1      | Noticed a shining eye
   363 | D:1      | Noticed a floating eye
   363 | D:1      | Noticed a shining eye
   363 | D:1      | Noticed a shining eye
   568 | D:1      | Found Pihac's Weapon Shop.
  1027 | D:2      | Reached XP level 3. HP: 19/19 MP: 4/6
  1809 | D:3      | Noticed Jessica
  1811 | D:3      | Killed Jessica
  1812 | D:3      | Reached XP level 4. HP: 24/24 MP: 5/8
  1818 | D:3      | Learned a level 3 spell: Stone Arrow
  1891 | D:3      | Killed from afar by an orc priest

Illustrated notes

Levels and vault maps discovered:
D:1:      dpeg_arrival_fog, layout_loops_cross, serial_shops, shop,
          hellmonk_ecumenical_altar_watching_god, minmay_misc_feat_rugged
D:2:      layout_basic
D:3:      layout_loops_ring, uniq_jessica, uniq_sigmund

Skill      XL: |  1  2  3  4 |
---------------+-------------+-----
Earth Magic    | 4 |  4.7
Stealth        | 3 |  3.8
Spellcasting   | 3 |  3.1
Dodging        | |  1.5
Transmutations | |  0.7

Action                     |  1- 3 |  4- 6 || total
---------------------------+-------+-------++-------
   Cast: Sandblast         |    49 |    11 ||    60
    Use: Scroll            |     1 |     2 ||     3
         Potion            |       |     1 ||     1
 Armour: Robe              |     3 |     1 ||     4
  Dodge: Dodged            |     7 |     6 ||    13

Table legend: (Time is in decaauts)
 A = Elapsed time spent in this place.
 B = Non-inter-level travel time spent in this place.
 C = Inter-level travel time spent in this place.
 D = Time resting spent in this place.
 E = Time spent auto-exploring this place.
 F = Levels seen in this place.
 G = Mean time per level.
                   A        B        C        D        E       F      G
               +--------+--------+--------+--------+--------+-----+--------+
         Total |   1920 |   1839 |     81 |      0 |   1595 |   3 |  640.0 |
       Dungeon |   1920 |   1839 |     81 |      0 |   1595 |   3 |  640.0 |
               +--------+--------+--------+--------+--------+-----+--------+

Top non-repeatable levels by time:
     D:1: 947 daAuts
     D:2: 692 daAuts
     D:3: 280 daAuts
